 Dungeon Crawl Stone Soup version 0.16.2-12-gd0ad4c3 (webtiles) character file.

96 SlimeFever the Firebug (level 4, -1/24 HPs)
             Began as a Tengu Fire Elementalist on Sept 27, 2015.
             Slain by an adder (3 damage)
             ... on level 3 of the Dungeon.
             The game lasted 00:41:42 (2063 turns).

SlimeFever the Firebug (Tengu Fire Elementalist)    Turns: 2063, Time: 00:41:43

Health: -1/24      AC:  3    Str:  8    XL:     4   Next: 67%
Magic:  1/9        EV: 13    Int: 16    God:
Gold:   45         SH:  0    Dex: 15    Spells: 3 memorised, 2 levels left

rFire  + . .     SeeInvis .     j - +0 dagger
rCold  + . .     Clarity  .     a - +1 robe
rNeg   . . .     SustAb   .     (no shield)
rPois  +         Gourm    .     (helmet restricted)
rElec  +         Spirit   .     (no cloak)
rCorr  +         Warding  .     (no gloves)
rMut   .         Stasis   +     (boots unavailable)
MR     .....                    e - amulet of stasis
Stlth  ++........               (no ring)
                                (no ring)

@: lethally poisoned (-1 -> -7), resistant, not resistant to hostile
enchantments, unstealthy
A: beak, talons 3
a: no special abilities


You were on level 3 of the Dungeon.
You were not hungry.

You visited 1 branch of the dungeon, and saw 3 of its levels.

You collected 45 gold pieces.

Inventory:

Hand weapons
 d - a +0 mace
 i - a +0 dagger
 j - a +0 dagger (weapon)
Missiles
 g - 21 sling bullets
 h - 74 stones
 o - 5 needles of confusion
 r - 3 javelins (quivered)
Armour
 a - a +1 robe (worn)
 q - a +0 robe
 t - a +0 large shield
Jewellery
 e - an amulet of stasis (around neck)
Scrolls
 l - a scroll of remove curse
 m - a scroll of amnesia
Potions
 k - a potion of invisibility
 s - 2 potions of brilliance
Books
 b - a book of Flames

   Spells                             Type                      Level
   a - Flame Tongue                   Conjuration/Fire             1
   b - Throw Flame                    Conjuration/Fire             2
   c - Conjure Flame                  Conjuration/Fire             3
   d - Inner Flame                    Hexes/Fire                   3
   e - Sticky Flame                   Conjuration/Fire             4
   f - Fireball                       Conjuration/Fire             5
Comestibles
 c - 2 beef jerkies
 f - a bread ration


   Skills:
 + Level 0.6 Fighting
 + Level 0.2 Short Blades
 + Level 2.9 Dodging
 + Level 2.2 Stealth
 + Level 2.9 Spellcasting
 + Level 2.2 Conjurations
 + Level 4.1 Fire Magic


You had 2 spell levels left.
You knew the following spells:

 Your Spells              Type           Power        Failure   Level  Hunger
a - Flame Tongue          Conj/Fire      ##...        8%          1    #......
b - Throw Flame           Conj/Fire      ##....       10%         2    ##.....
c - Conjure Flame         Conj/Fire      ##......     17%         3    ###....


Dungeon Overview and Level Annotations

Branches:
Dungeon (3/15)

Altars:


Innate Abilities, Weirdness & Mutations

You have a beak for a mouth.
You have claws for feet.


Message History

The adder is severely wounded.
The adder bites you. x2
The adder misses you. The kobold completely misses you. The adder bites you.
The hobgoblin hits you. The hobgoblin hits you. The adder bites you.
* * * LOW HITPOINT WARNING * * *
You are lethally poisoned!
The adder poisons you!
It was a potion of resistance.
You feel protected.
* * * LOW HITPOINT WARNING * * *
You feel sick. The adder completely misses you. The hobgoblin misses you.
Casting: Flame Tongue
Confirm with . or Enter, or press ? or * to list all spells.
Aiming: Conjure Flame
Press: ? - help, Dir - move target cursor, p - adder The fire roars!
The kobold hits you with a short sword.
* * * LOW HITPOINT WARNING * * *
The adder bites you.
You die...

##..##.##..#.. .
##..........#.# .
...........##.##.#g.
##....#....w...#..#
# #..........<...#
.. ###..#........##
.. ####..######...w#
.#### #........#
#...g##.......
#........#
#...S@ยง.......
#........#
#...K##.......
#........# #....#
..... #........#
#....# ....
########## #....#
... ###### .


You could see 2 worms, an adder, a hobgoblin and a kobold.

Vanquished Creatures
  3 adders
  2 worms (D:2)
  3 giant geckos (D:1)
  13 bats
  A giant cockroach (D:1)
  5 hobgoblins
  7 jackals
  3 kobolds
  4 giant newts
  4 goblins
  A quokka (D:2)
  7 rats
53 creatures vanquished.

Notes
Turn   | Place    | Note
--------------------------------------------------------------
     0 | D:1      | SlimeFever, the Tengu Fire Elementalist, began the quest for the Orb.
     0 | D:1      | Reached XP level 1. HP: 10/10 MP: 3/3
   128 | D:1      | Reached XP level 2. HP: 15/15 MP: 3/5
   137 | D:1      | Learned a level 2 spell: Throw Flame
   974 | D:1      | Reached XP level 3. HP: 19/19 MP: 1/7
   980 | D:1      | Learned a level 3 spell: Conjure Flame
  1423 | D:2      | Reached skill level 4 in Fire Magic
  1635 | D:2      | Reached XP level 4. HP: 6/24 MP: 2/9
  2063 | D:3      | Slain by an adder

Action                   |  1- 3 |  4- 6 || total
-------------------------+-------+-------++-------
Melee: Mace              |     5 |       ||     5
       Dagger            |    62 |    20 ||    82
Throw: Stone             |     2 |       ||     2
       Javelin           |     3 |     2 ||     5
 Cast: Flame Tongue      |    27 |     6 ||    33
       Throw Flame       |    20 |     9 ||    29
       Conjure Flame     |     1 |     1 ||     2
  Use: Scroll            |     8 |     2 ||    10
       Potion            |     1 |     1 ||     2
 Stab: Sleeping          |     1 |       ||     1
  Eat: Bread ration      |     1 |       ||     1
       Meat ration       |       |     1 ||     1
